AoeStats
← Manking

Arabia

508724278Analyzed
2v2 RM · 9d ago on Sep 23, 2026· 38m 14s· 4 players
Game mode
Random Map
Map size
Medium (4 player)
Population
200
Speed
Normal
Resources
Standard
Victory
Conquest
Starting age
Dark Age
Ending age
Imperial Age
RankedLock teamsTeams togetherTeam positionsShared explorationLock speedFull tech treeHidden civsTurbo modeCheats
Victory
Defeat
🇬🇧 Khitans · United Kingdom
1064
+12
🇫🇷 Franks · France
924
+18
🇨🇴 Saracens · Colombia
992
-16
🇨🇴 Sicilians · Colombia
937
-14
Manking
8:18 Loom
10:41 Feudal Age
15:29 Castle Age
16:05 Double-Bit Axe
16:02 Horse Collar
17:20 Arson
19:44 Squires
21:57 Gambesons
22:15 Scale Mail Armor
22:41 Heavy Plow
23:19 Pikeman
Stx.Velez
7:51 Loom
10:22 Feudal Age
18:27 Scale Barding Armor
24:14 Castle Age
22:56 Double-Bit Axe
23:44 Fletching
24:22 Horse Collar
29:13 Bodkin Arrow
30:02 Padded Archer Armor
33:30 Ballistics
36:48 Leather Archer Armor
38:01 Wheelbarrow
38:30 Thumb Ring
38:43 Forging
38:38 Husbandry
38:49 Bloodlines
yatus0
9:19 Feudal Age
7:35 Loom
11:57 Forging
20:33 Castle Age
19:25 Scale Barding Armor
22:14 Iron Casting
24:08 Husbandry
25:31 Chain Barding Armor
26:10 Domestication
29:13 Pastoralism
29:00 Double-Bit Axe
29:08 Gold Mining
30:46 Wheelbarrow
32:45 Elite Skirmisher
38:52 Imperial Age
38:45 Hand Cart
JackInZeBox
3:24 Loom
4:12 Loom
11:58 Feudal Age
18:06 Castle Age
17:22 Double-Bit Axe
19:04 Town Watch
23:28 Pikeman
26:35 Husbandry
26:42 Squires
27:27 Fletching
34:17 Bodkin Arrow
38:54 Imperial Age
36:38 Town Patrol
37:13 Wheelbarrow
37:15 Scale Barding Armor
37:20 Forging
37:11 Scale Mail Armor
38:30 Bow Saw
Connection lost

Rejoining the realm…

Still unreachable

The connection could not be restored.

Session expired

The server has moved on; the page needs a fresh start.